Workbook

Sheet Planilha de quantitativos
A2: A N E X O I I
A4: PLANILHA ORÇAMENTÁRIA DE CUSTOS | G4: FOLHA Nº:
A5: OBRA: CONSTRUÇÃO DE | G5: DATA:
A6: VALIDADE: | D6: BD1: | E6: 0.2736
A7: ITEM | B7: CÓDIGO | C7: DESCRIÇÃO | D7: QUANTIDADE | E7: UNIDADE | F7: PREÇO UNITÁRIO | G7: TOTAL COM BDI
A8: 1 | C8: Serviços Preliminares | G8: =G9+G14+G10+G11+G12+G13 -> 26609.898
A9: 1.1 | B9: ED-48435 | C9: DEMOLIÇÃO MANUAL DE ALVENARIA DE TIJOLO CERÂMICO OU BLOCO DE CONCRETO, INCLUSIVE AFASTAMENTO E EMPILHAMENTO, EXCLUSIVE TRANSPORTE E RETIRADA DO MATERIAL DEMOLIDO | D9: =26.2*2*0.15+(0.8*2.1) -> 9.54 | E9: m³ | F9: 109.09 | G9: =D9*F9*(1+E6) -> 1325.4592
A10: 1.2 | B10: ED-50162 | C10: PORTÃO PARA TAPUME FIXO DE PROTEÇÃO COM FECHAMENTO DE OBRA EM CHAPA DE COMPENSADO, ESP. 12MM, COM MÓDULO NA DIMENSÃO DE (110X220)CM, INCLUSIVE FERRAGENS E PINTURA LÁTEX (PVA) COM DUAS (2) DEMÃOS | D10: 1 | E10: un. | F10: 169.88 | G10: =D10*F10*(1+E6) -> 216.35917
A11: 1.3 | B11: ED-50159 | C11: TAPUME FIXO DE PROTEÇÃO PARA FECHAMENTO DE OBRA EM CHAPA DE COMPENSADO, ESP. 12MM, COM MÓDULO NA DIMENSÃO DE (110X220)CM, INCLUSIVE PINTURA LÁTEX (PVA) COM DUAS (2) DEMÃOS, EXCLUSIVE ABERTURA PARA PORTÃO | D11: =28.2+28.2+13+13 -> 82.4 | E11: m | F11: 216.55 | G11: =D11*F11*(1+E6) -> 22725.762
A12: 1.4 | B12: ED-48497 | C12: REMOÇÃO MANUAL DE ESQUADRIA METÁLICA, COM REAPROVEITAMENTO, INCLUSIVE MARCO/ALIZAR/GUARNIÇÕES, AFASTAMENTO E EMPILHAMENTO, EXCLUSIVE TRANSPORTE E RETIRADA DO MATERIAL REMOVIDO NÃO REAPROVEITÁVEL | D12: =5*3.5+(1.8*0.6) -> 18.58 | E12: m² | F12: 19.39 | G12: =D12*F12*(1+E6) -> 458.83503
A13: 1.5 | B13: RO-00230 | C13: COMPACTAÇÃO MANUAL COM SOQUETE VIBRATÓRIO | D13: 35 | E13: m³ | F13: 9.96 | G13: =D13*F13*(1+E6) -> 443.97696
A14: 1.6 | B14: ED-16660 | C14: FORNECIMENTO E COLOCAÇÃO DE PLACA DE OBRA EM CHAPA GALVANIZADA #26, ESP. 0,45 MM, PLOTADA COM ADESIVO VINÍLICO, AFIXADA COM REBITES 4,8X40 MM, EM ESTRUTURA METÁLICA DE METALON 20X20 MM, ESP. 1,25 MM, INCLUSIVE SUPORTE EM EUCALIPTO AUTOCLAVADO PINTADO COM TINTA PVA DUAS (2) DEMÃOS | D14: 4.5 | E14: m² | F14: 251.17 | G14: =D14*F14*(1+E6) -> 1439.5055
A16: 2 | C16: Locação da obra | G16: =G17 -> 7086.0837
A17: 2.1 | B17: ED-17989 | C17: LOCAÇÃO DE OBRA COM GABARITO DE TÁBUAS CORRIDAS PONTALETADAS A CADA 2,00M, REAPROVEITAMENTO (2X) | D17: =33.4+33.4+14+5.3+5.2 -> 91.3 | E17: m | F17: 60.94 | G17: =D17*F17*(1+E6) -> 7086.0837
A19: 3 | C19: Trabalhos em terra | G19: =G20+G21 -> 5795.4194
A20: 3.1 | B20: ED-51107 | C20: ESCAVAÇÃO MANUAL DE VALA COM PROFUNDIDADE MENOR OU IGUAL A 1,5M, INCLUSIVE DESCARGA LATERAL | D20: =((10.5+10.5+7.75+4.15+4.1+2.45+2.45+4.15+4.15+4.15+4.15+5.2+26.2+5.2+26.2)*0.2*0.4)+(30*0.95*0.8*1)+(14.8*0.2*0.4)+(2*0.7*0.8*0.8)+(2*0.8*0.9*0.8) -> 35.736 | E20: m³ | F20: 71.42 | G20: =D20*F20*(1+E6) -> 3250.5649
A21: 3.2 | B21: ED-51093 | C21: APILOAMENTO MANUAL EM FUNDO DE VALA COM SOQUETE, EXCLUSIVE ESCAVAÇÃO | D21: =((10.5+10.5+7.75+4.15+4.1+2.45+2.45+4.15+4.15+4.15+4.15+5.2+26.2+5.2+26.2)*0.2)+(30*0.95*0.8)+(38*0.8)+(14.8*0.2)+(2*0.7*0.8)+(2*0.8*0.9) -> 82.98 | E21: m² | F21: 24.08 | G21: =D21*F21*(1+E6) -> 2544.8545
A23: 4 | C23: Muro de arrimo - substituindo portão existe na rampa de acesso | G23: =G24+G25+G26+G27+G28+G29+G30+G31+G32 -> 13052.313
A24: 4.1 | B24: ED-51107 | C24: ESCAVAÇÃO MANUAL DE VALA COM PROFUNDIDADE MENOR OU IGUAL A 1,5M, INCLUSIVE DESCARGA LATERAL | D24: =(3*0.6*0.6*0.8)+(1.8*0.2*0.4) -> 1.008 | E24: m³ | F24: 71.42 | G24: =D24*F24*(1+E6) -> 91.688196
A25: 4.2 | B25: ED-51093 | C25: APILOAMENTO MANUAL EM FUNDO DE VALA COM SOQUETE, EXCLUSIVE ESCAVAÇÃO | D25: =(3*0.6*0.6)+(1.8*0.2) -> 1.44 | E25: m² | F25: 24.08 | G25: =D25*F25*(1+E6) -> 44.162335
A26: 4.3 | B26: ED-49810 | C26: FÔRMA E DESFORMA PARA VIGA-CINTA/ BLOCO COM TÁBUA E SARRAFO, REAPROVEITAMENTO (3X) (FUNDAÇÃO) MICRAS, INCLUSIVE FORNECIMENTO | D26: =(3*3.5*2*2)+(2*5*0.4) -> 46 | E26: m² | F26: 75.79 | G26: =D26*F26*(1+E6) -> 4440.2026
A27: 4.4 | B27: ED-49618 | C27: FORNECIMENTO DE CONCRETO ESTRUTURAL, PREPARADO EM OBRA, COM FCK 20MPA, INCLUSIVE LANÇAMENTO, ADENSAMENTO E ACABAMENTO | D27: =(3*3.5*2*0.4*0.2)+(2*5*0.2*0.4) -> 2.48 | E27: m³ | F27: 759.15 | G27: =D27*F27*(1+E6) -> 2397.7965
A28: 4.5 | B28: ARM-AÇO-020 | C28: CORTE, DOBRA E ARMAÇÃO DE AÇO CA-50/60 | D28: =(3*6*0.93*3.5)+(5*3*4*0.93)+(3*10*0.6*0.395) -> 121.5 | E28: kg | F28: 11.38 | G28: =D28*F28*(1+E6) -> 1760.9685
A29: 4.6 | B29: SINAPI - 100351 | C29: MURO DE ARRIMO COM BLOCOS DE CONCRETO ESTRUTURAL E PILARES INTERMEDIÁRIOS, COM ALTURA MAIOR QUE 1,6 M E MENOR OU IGUAL A 2,8 M (EXCETO FUNDAÇÃO). AF_11/2024 | D29: =3.6*5 -> 18 | E29: m² | F29: 91.81 | G29: =D29*F29*(1+E6) -> 2104.7259
A30: 4.7 | B30: ED-50727 | C30: CHAPISCO COM ARGAMASSA, TRAÇO 1:3 ( CIMENTO E AREIA), ESP. 5MM, APLICADO EM ALVENARIA/ESTRUTURA DE CONCRETO COM COLHER, INCLUSIVE ARGAMASSA COM PREPARO MECANIZADO | D30: =(5*3.5)+(5*1.85) -> 26.75 | E30: m² | F30: 9.58 | G30: =D30*F30*(1+E6) -> 326.3791
A31: 4.8 | B31: ED-50759 | C31: REBOCO COM ARGAMASSA, TRAÇO 1:7 (CIMENTO E AREIA), ESP. 20MM, APLICAÇÃO MANUAL, INCLUSIVE ARGAMASSA COM PREPARO MECANIZADO, EXCLUSIVE CHAPISCO | D31: =D30 -> 26.75 | E31: m² | F31: 32.61 | G31: =D31*F31*(1+E6) -> 1110.9836
A32: 4.9 | B32: ED-50454 | C32: PINTURA ACRÍLICA EM TETO, TRÊS (3) DEMÃOS, COM APLICAÇÃO MANUAL, EXCLUSIVE SELADOR ACRÍLICO E MASSA ACRÍLICA/CORRIDA (PVA) | D32: =D30 -> 26.75 | E32: m² | F32: 22.76 | G32: =D32*F32*(1+E6) -> 775.40589
A34: 5 | C34: Fundação | G34: =G35+G36+G37 -> 75172.284
A35: 5.1 | B35: ED-49810 | C35: FÔRMA E DESFORMA PARA VIGA-CINTA/ BLOCO COM TÁBUA E SARRAFO, REAPROVEITAMENTO (3X) (FUNDAÇÃO) MICRAS, INCLUSIVE FORNECIMENTO | D35: ='Memória de cálculo'!D14 -> 261.6 | E35: m² | F35: 75.79 | G35: =D35*F35*(1+E6) -> 25251.239
A36: 5.2 | B36: ED-49618 | C36: FORNECIMENTO DE CONCRETO ESTRUTURAL, PREPARADO EM OBRA, COM FCK 20MPA, INCLUSIVE LANÇAMENTO, ADENSAMENTO E ACABAMENTO | D36: ='Memória de cálculo'!D15 -> 25.6 | E36: m³ | F36: 759.15 | G36: =D36*F36*(1+E6) -> 24751.448
A37: 5.3 | B37: ED-48298 | C37: CORTE, DOBRA E MONTAGEM DE AÇO CA-50/60, INCLUSIVE ESPAÇADOR | D37: ='Memória de cálculo'!D16 -> 1401.6 | E37: kg | F37: 14.1 | G37: =D37*F37*(1+E6) -> 25169.596
A39: 6 | C39: Estrutura de Concreto | G39: =G40+G41+G42 -> 47669.363
A40: 6.1 | B40: ED-49643 | C40: FÔRMA E DESFORMA DE TÁBUA E SARRAFO, REAPROVEITAMENTO (3X), EXCLUSIVE ESCORAMENTO | D40: ='Memória de cálculo'!D18 -> 131.6 | E40: m² | F40: 75.88 | G40: =D40*F40*(1+E6) -> 12717.925
A41: 6.2 | B41: ED-49618 | C41: FORNECIMENTO DE CONCRETO ESTRUTURAL, PREPARADO EM OBRA, COM FCK 20MPA, INCLUSIVE LANÇAMENTO, ADENSAMENTO E ACABAMENTO | D41: ='Memória de cálculo'!D19 -> 22.48 | E41: m³ | F41: 758.95 | G41: =D41*F41*(1+E6) -> 21729.139
A42: 6.3 | B42: ED-48298 | C42: CORTE, DOBRA E MONTAGEM DE AÇO CA-50/60, INCLUSIVE ESPAÇADOR | D42: ='Memória de cálculo'!D20 -> 736.3 | E42: kg | F42: 14.1 | G42: =D42*F42*(1+E6) -> 13222.299
A44: 7 | C44: Laje | G44: =G46+G45 -> 30807.348
A45: 7.1 | B45: ED-50253 | C45: LAJE PRÉ-MOLDADA UNIDIRECIONAL COM ENCHIMENTO EM POLIESTIRENO EXPANDIDO (EPS), CAPEAMENTO DE 4CM, SOBRECARGA DE 100KG/M2, ALTURA TOTAL DE 11CM E VÃO LIVRE MÁXIMO DE 4M, INCLUSIVE CONCRETO ESTRUTURAL, USINADO BOMBEADO COM FCK DE 20MPA, EXCLUSIVE TELA ARMADA E CIMBRAMENTO | D45: ='Memória Auxiliar'!W17 -> 164.8825 | E45: m² | F45: 133.36 | G45: =D45*F45*(1+E5) -> 21988.73
A46: 7.2 | B46: ED-19633 | C46: ESCORAMENTO METÁLICO PARA LAJE E VIGA EM CONCRETO ARMADO, TIPO "A", ALTURA DE (200 ATÉ 310)CM, INCLUSIVE DESCARGA, MONTAGEM, DESMONTAGEM E CARGA | D46: =('Memória de cálculo'!D22)*2 -> 354.54 | E46: m²/mês | F46: 19.53 | G46: =D46*F46*(1+E6) -> 8818.6181
A48: 8 | C48: Coberturas | G48: =G49+G50 -> 62013.605
A49: 8.1 | B49: ED-48407 | C49: ENGRADAMENTO EM MADEIRA PARAJU OU EQUIVALENTE, PARA TELHAS CERÂMICAS OU DE CONCRETO, EXCLUSIVE TELHAS | D49: ='Memória de cálculo'!D24 -> 202.3 | E49: m² | F49: 104.29 | G49: =D49*F49*(1+E6) -> 26870.243
A50: 8.2 | B50: ED-48421 | C50: COBERTURA EM TELHA CERÂMICA, TIPO COLONIAL, INCLUSIVE FIXAÇÃO, EXCLUSIVE ENGRADAMENTO E MANTA ISOLANTE/TÉRMICA | D50: =D49 -> 202.3 | E50: m² | F50: 136.4 | G50: =D50*F50*(1+E6) -> 35143.362
A52: 9 | C52: Águas Pluviais | G52: =G53+G55+G54 -> 8438.2164
A53: 9.1 | B53: ED-50663 | C53: CALHA EM CHAPA GALVANIZADA, ESP. 0,5MM ( GSG-26), COM DESENVOLVIMENTO DE 50CM, INCLUSIVE IÇAMENTO MANUAL VERTICAL | D53: ='Memória de cálculo'!D27 -> 63.85 | E53: ml | F53: 57.54 | G53: =D53*F53*(1+E6) -> 4679.116
A54: 9.2 | B54: ED-25171 | C54: RUFO/CONTRARRUFO E CHAPIM EM CHAPA GALVANIZADA, ESP. 0,5MM (GSG-26), EXCLUSIVE SERVIÇO DE MONTAGEM/INSTALAÇÃO (FORNECIMENTO/FABRICAÇÃO) | D54: ='Memória de cálculo'!D28 -> 38.3 | E54: ml | F54: 22.9 | G54: =D54*F54*(1+E6) -> 1117.0364
A55: 9.3 | B55: ED-28551 | C55: CONDUTOR DE ÁGUAS PLUVIAIS RETANGULAR EM AÇO GALVANIZADO, DIMENSÃO (43X85)MM, , ESP. 0,43MM (GSG-28), INCLUSIVE CONEXÕES E SUPORTES | D55: ='Memória de cálculo'!D29 -> 34.5 | E55: ml | F55: 60.13 | G55: =D55*F55*(1+E6) -> 2642.0641
A57: 10 | C57: Pisos | G57: =G58+G59+G60+G61 -> 40596.607
A58: 10.1 | B58: ED-50588 | C58: LAJE DE TRANSIÇÃO EM CONCRETO PREPARADO EM OBRA COM BETONEIRA COM FCK DE 10MPA, ESP. 5CM, EXCLUSIVE ARMAÇÃO, INCLUSIVE ACABAMENTO SARRAFEADO | D58: ='Memória de cálculo'!D31 -> 88.4 | E58: m² | F58: 56.89 | G58: =D58*F58*(1+E6) -> 6405.0312
A59: 10.2 | B59: ED-50568 | C59: CONTRAPISO DESEMPENADO COM ARGAMASSA, TRAÇO 1:3 (CIMENTO E AREIA), ESP. 30MM, INCLUSIVE ARGAMASSA COM PREPARO MECANIZADO | D59: ='Memória de cálculo'!D32 -> 172.44 | E59: m² | F59: 44.28 | G59: =D59*F59*(1+E6) -> 9724.7552
A60: 10.3 | B60: ED-50753 | C60: REVESTIMENTO COM PORCELANATO APLICADO EM PISO, ACABAMENTO ESMALTADO ACETINADO, AMBIENTE INTERNO/EXTERNO, PADRÃO EXTRA, BORDA RETIFICADA, DIMENSÃO DA PEÇA (45X45)CM, ASSENTAMENTO COM ARGAMASSA INDUSTRIALIZADA, INCLUSIVE REJUNTAMENTO | D60: =D59 -> 172.44 | E60: m² | F60: 108.14 | G60: =D60*F60*(1+E6) -> 23749.662
A61: 10.4 | B61: ED-51002 | C61: SOLEIRA DE GRANITO, NA COR CINZA ANDORINHA , ESP. 2CM, ACABAMENTO POLIDO, ASSENTAMENTO COM ARGAMASSA INDUSTRIALIZADA, INCLUSIVE REJUNTAMENTO | D61: ='Memória de cálculo'!D35 -> 1.62 | E61: m² | F61: 347.59 | G61: =D61*F61*(1+E6) -> 717.15881
A63: 11 | C63: Alvenaria e divisões | G63: =G64 -> 35276.04
A64: 11.1 | B64: ED-48232 | C64: ALVENARIA DE VEDAÇÃO COM TIJOLO CERÂMICO FURADO, ESP. 14CM, PARA REVESTIMENTO, INCLUSIVE ARGAMASSA PARA ASSENTAMENTO | D64: ='Memória de cálculo'!D37 -> 436.05 | E64: m² | F64: 63.52 | G64: =D64*F64*(1+E6) -> 35276.04
A66: 12 | C66: Cintamentos e vergas | G66: =G67 -> 27276.385
A67: 12.1 | B67: ED-9903 | C67: VERGA OU CONTRAVERGA EM CONCRETO ESTRUTURAL PARA VÃOS DE ATÉ 150CM, PREPARADO EM OBRA COM BETONEIRA, CONTROLE "A", COM FCK 20 MPA, MOLDADA IN LOCO, INCLUSIVE ARMAÇÃO | D67: ='Memória de cálculo'!D39 -> 6.8305 | E67: m³ | F67: 3135.46 | G67: =D67*F67*(1+E6) -> 27276.385
A69: 13 | C69: Esquadrias | G69: =G71+G70 -> 25194.202
A70: 13.1 | B70: ED-49603 | C70: PORTA DE MADEIRA COMPLETA, DIMENSÃO ( 80X210)CM, TIPO DE ABRIR, UMA (1) FOLHA, ACABAMENTO NATURAL PARA PINTURA/VERNIZ, TIPO PRANCHETA/SARRAFEADA, INCLUSIVE MARCO, ALIZAR E FERRAGENS, EXCLUSIVE PINTURA/VERNIZSEMISSÓLIDO [PRANCHETA/SARRAFEADA] | D70: ='Memória de cálculo'!D43 -> 12 | E70: uni. | F70: 1061.39 | G70: =D70*F70*(1+E6) -> 16221.436
A71: 13.2 | B71: ED-50954 | C71: FORNECIMENTO DE JANELA BASCULANTE DE FERRO, INCLUSIVE ASSENTAMENTO, FERRAGENS E ACESSÓRIOS | D71: ='Memória de cálculo'!D45 -> 15 | E71: m² | F71: 469.68 | G71: =D71*F71*(1+E6) -> 8972.7667
A73: 14 | C73: Revestimentos | G73: =G74+G75+G76+G77 -> 87053.663
A74: 14.1 | B74: ED-50727 | C74: CHAPISCO COM ARGAMASSA, TRAÇO 1:3 ( CIMENTO E AREIA), ESP. 5MM, APLICADO EM ALVENARIA/ESTRUTURA DE CONCRETO COM COLHER, INCLUSIVE ARGAMASSA COM PREPARO MECANIZADO | D74: ='Memória de cálculo'!D47+33.75+33.75+17.28 -> 1158.0875 | E74: m² | F74: 9.58 | G74: =D74*F74*(1+E6) -> 14129.927
A75: 14.2 | B75: ED-50732 | C75: EMBOÇO COM ARGAMASSA, TRAÇO 1:6 (CIMENTO E AREIA), ESP. 20MM, APLICAÇÃO MANUAL, INCLUSIVE ARGAMASSA COM PREPARO MECANIZADO, EXCLUSIVE CHAPISCO | D75: ='Memória de cálculo'!D48+33.75 -> 230.45 | E75: m² | F75: 34.71 | G75: =D75*F75*(1+E6) -> 10187.424
A76: 14.3 | B76: ED-50759 | C76: REBOCO COM ARGAMASSA, TRAÇO 1:7 (CIMENTO E AREIA), ESP. 20MM, APLICAÇÃO MANUAL, INCLUSIVE ARGAMASSA COM PREPARO MECANIZADO, EXCLUSIVE CHAPISCO | D76: ='Memória de cálculo'!D49+33.75+14.28 -> 924.6375 | E76: m² | F76: 32.61 | G76: =D76*F76*(1+E6) -> 38402.133
A77: 14.4 | B77: REV-AZU-010 | C77: REVESTIMENTO COM AZULEJO BRANCO 15 X 15 CM, JUNTA A PRUMO, ASSENTADO COM ARGAMASSA PRÉ-FABRICADA, INCLUSIVE REJUNTAMENTO | D77: ='Memória de cálculo'!D50+33.75 -> 230.45 | E77: m² | F77: 82.91 | G77: =D77*F77*(1+E6) -> 24334.178
A79: 15 | C79: Pintura | G79: =G80+G81+G82+G83 -> 27374.016
A80: 15.1 | B80: ED-50514 | C80: PREPARAÇÃO PARA EMASSAMENTO OU PINTURA ( LÁTEX/ACRÍLICA) EM PAREDE, INCLUSIVE UMA (1) DEMÃO DE SELADOR ACRÍLICO | D80: ='Memória de cálculo'!D52+33.75 -> 910.3575 | E80: =E81 -> m² | F80: 7.17 | G80: =D80*F80*(1+E5) -> 6527.2633
A81: 15.2 | B81: ED-50498 | C81: PINTURA LÁTEX (PVA) EM PAREDE, DUAS (2) DEMÃOS, COM APLICAÇÃO MANUAL, EXCLUSIVE SELADOR ACRÍLICO E MASSA ACRÍLICA/CORRIDA (PVA) | D81: ='Memória de cálculo'!D52+33.75 -> 910.3575 | E81: m² | F81: 15.86 | G81: =D81*F81*(1+E6) -> 18388.581
A82: 15.3 | B82: ED-14800 | C82: PINTURA ESMALTE BASE ÁGUA EM SUPERFÍCIES METÁLICAS, TRÊS (3) DEMÃOS, COM APLICAÇÃO MANUAL, EXCLUSIVE FUNDO ANTICORROSIVO E PREPARAÇÃO DA SUPERFÍCIE COM LIXAMENTO | D82: ='Memória de cálculo'!D53 -> 15 | E82: m² | F82: 31.18 | G82: =D82*F82*(1+E6) -> 595.66272
A83: 15.4 | B83: ED-14801 | C83: PINTURA ESMALTE BASE ÁGUA EM SUPERFÍCIE DE MADEIRA, TRÊS (3) DEMÃOS, COM APLICAÇÃO MANUAL, EXCLUSIVE FUNDO NIVELADOR E MASSA A ÓLEO, INCLUSIVE PREPARAÇÃO DA SUPERFÍCIE COM LIXAMENTO | D83: ='Memória de cálculo'!D54+3.2 -> 62.71 | E83: m² | F83: 23.32 | G83: =D83*F83*(1+E6) -> 1862.5091
A85: 16 | C85: Instalações Hidro-sanitárias | G85: =G86+G87+G89+G90+G91+G93+G94+G96+G97+G98+G99+G92+G88+G95 -> 27963.416
A86: 16.1 | B86: ED-50223 | C86: PONTO DE EMBUTIR PARA ESGOTO EM TUBO PVC RÍGIDO, PB - SÉRIE NORMAL, DN 40MM (1.1/2"), EMBUTIDO NA ALVENARIA/PISO, COM ALTURA (SAÍDA) DE 50CM DO PISO, COM DISTÂNCIA DE ATÉ CINCO (5) METROS DO RAMAL DE ESGOTO, EXCLUSIVE ESCAVAÇÃO, INCLUSIVE CONEXÕES E FIXAÇÃO DO TUBO COM ENCHIMENTO DO RASGO NA ALVENARIA/CONCRETO COM ARGAMASSA | D86: ='Memória de cálculo'!D56+2 -> 12 | E86: pt | F86: 166.55 | G86: =D86*F86*(1+E6) -> 2545.417
A87: 16.2 | B87: ED-50225 | C87: PONTO DE EMBUTIR PARA ESGOTO EM TUBO PVC RÍGIDO, PBV - SÉRIE NORMAL, DN 100MM (4"), EMBUTIDO EM PISO COM DISTÂNCIA DE ATÉ CINCO (5) METROS DO RAMAL DE ESGOTO, INCLUSIVE CONEXÕES E FIXAÇÃO DO TUBO COM ENCHIMENTO DO RASGO NO CONCRETO COM ARGAMASSA | D87: ='Memória de cálculo'!D57 -> 9 | E87: pt | F87: 305.9 | G87: =D87*F87*(1+E6) -> 3506.3482
A88: 16.3 | B88: ED-50007 - | C88: CAIXA SIFONADA EM PVC COM GRELHA QUADRADA150 X 150 X 50 MM | D88: 6 | E88: uni. | F88: 88.43 | G88: =D88*F88*(1+E6) -> 675.74669
A89: 16.4 | B89: ED-50221 | C89: PONTO DE EMBUTIR PARA ÁGUA FRIA EM TUBO DE PVC RÍGIDO SOLDÁVEL, DN 20MM (1/2"), EMBUTIDO NA ALVENARIA COM DISTÂNCIA DE ATÉ CINCO (5) METROS DA TOMADA DE ÁGUA, INCLUSIVE CONEXÕES E FIXAÇÃO DO TUBO COM ENCHIMENTO DO RASGO NA ALVENARIA/CONCRETO COM ARGAMASSA | D89: ='Memória de cálculo'!D58+2 -> 20 | E89: pt | F89: 137.8 | G89: =D89*F89*(1+E6) -> 3510.0416
A90: 16.5 | B90: ED-49936 | C90: CAIXA D'ÁGUA DE POLIETILENO, CAPACIDADE DE 1.000L, INCLUSIVE TAMPA, TORNEIRA DE BOIA, EXTRAVASOR, TUBO DE LIMPEZA E ACESSÓRIOS, EXCLUSIVE TUBULAÇÃO DE ENTRADA/ SAÍDA DE ÁGUA | D90: 2 | E90: uni. | F90: 891.69 | G90: =D90*F90*(1+E6) -> 2271.3128
A91: 16.6 | B91: ED-50329 | C91: TORNEIRA METÁLICA PARA LAVATÓRIO, FECHAMENTO AUTOMÁTICO, ACABAMENTO CROMADO, COM AREJADOR, APLICAÇÃO DE MESA, INCLUSIVE ENGATE FLEXÍVEL METÁLICO | D91: ='Memória de cálculo'!D60 -> 5 | E91: uni. | F91: 221.34 | G91: =D91*F91*(1+E6) -> 1409.4931
A92: 16.7 | B92: ED-22902 | C92: TORNEIRA METÁLICA PARA TANQUE, ACABAMENTO CROMADO, COM AREJADOR | D92: 1 | E92: uni. | F92: 234.06 | G92: =D92*F92*(1+E6) -> 298.09882
A93: 16.8 | B93: ED-16344 | C93: CHUVEIRO ELÉTRICO BRANCO, TENSÃO 127V/220V , POTÊNCIA 4600W/5500W, INCLUSIVE BRAÇO/CANO | D93: ='Memória de cálculo'!D62 -> 4 | E93: uni. | F93: 119.85 | G93: =D93*F93*(1+E6) -> 610.56384
A94: 16.9 | B94: ED-50279 | C94: CUBA DE LOUÇA BRANCA DE EMBUTIR, FORMATO OVAL, INCLUSIVE VÁLVULA DE ESCOAMENTO DE METAL COM ACABAMENTO CROMADO, SIFÃO DE METAL TIPO COPO COM ACABAMENTO CROMADO | D94: ='Memória de cálculo'!D63 -> 5 | E94: uni. | F94: 451.54 | G94: =D94*F94*(1+E6) -> 2875.4067
A95: 16.10 | B95: ED-50287 | C95: CUBA EM AÇO INOXIDÁVEL DE EMBUTIR, AISI 304, APLICAÇÃO PARA TANQUE (600X600X400)MM, ASSENTAMENTO EM BANCADA, INCLUSIVE VÁLVULA DE ESCOAMENTO DE METAL COMACABAMENTO CROMADO, SIFÃO DE METAL TIPO COPO COM ACABAMENTO CROMADO | D95: 1 | E95: uni. | F95: 1790.47 | G95: =D95*F95*(1+E6) -> 2280.3426
A96: 16.11 | B96: ED-50297 | C96: BACIA SANITÁRIA (VASO) DE LOUÇA COM CAIXA ACOPLADA, COR BRANCA, INCLUSIVE ACESSÓRIOS DE FIXAÇÃO/ VEDAÇÃO, ENGATE FLEXÍVEL METÁLICO E REJUNTAMENTO, EXCLUSIVE ASSENTO | D96: ='Memória de cálculo'!D65 -> 9 | E96: uni. | F96: 567.82 | G96: =D96*F96*(1+E6) -> 6508.58
A97: 16.12 | B97: ED-48156 | C97: ASSENTO PLÁSTICO PARA BACIA SANITÁRIA, NA COR BRANCA, PADRÃO POPULAR, INCLUSIVE ACESSÓRIOS PARA FIXAÇÃO | D97: ='Memória de cálculo'!D65 -> 9 | E97: uni. | F97: 39.03 | G97: =D97*F97*(1+E6) -> 447.37747
A98: 16.13 | B98: Serviço: ED-48179 | C98: PAPELEIRA DE LOUÇA COM ROLETE, NA COR BRANCA, ASSENTAMENTO COM ARGAMASSA INDUSTRIALIZADA, INCLUSIVE REJUNTAMENTO | D98: ='Memória de cálculo'!D70 -> 5 | E98: uni. | F98: 70.75 | G98: =D98*F98*(1+E6) -> 450.536
A99: 16.14 | B99: ED-48187 | C99: SABONETEIRA EM AÇO INOX, ACABAMENTO POLIDO, TIPO CONCHA, DE SOBREPOR, INCLUSIVE ACESSÓRIOS PARA FIXAÇÃO | D99: ='Memória de cálculo'!D71 -> 9 | E99: uni. | F99: 50.09 | G99: =D99*F99*(1+E6) -> 574.15162
A101: 17 | C101: Divisórias e bancadas | G101: =G102+G103 -> 12350.945
A102: 17.1 | B102: ED-48532 | C102: DIVISÓRIA EM ARDÓSIA, ESP. 3CM, INCLUSIVE INSTALAÇÃO, FERRAGENS EM LATÃO CROMADO E ACESSÓRIOS | D102: ='Memória de cálculo'!D73 -> 19.2 | E102: m² | F102: 451.56 | G102: =D102*F102*(1+E6) -> 11042.051
A103: 17.2 | B103: ED-21095 | C103: BANCADA EM GRANITO, COR CINZA ANDORINHA, ESP. 3CM, ACABAMENTO POLIDO, APOIADA EM CONSOLE DE METALON (50X30)MM, EXCLUSIVE RODABANCA/FRONTÃO, TESTEIRA/ FAIXA, FURO EM BANCADA, CUBA METÁLICA, SIFÃO, TORNEIRA E ENGATE FLEXÍVEL | D103: 3.7 | E103: m² | F103: 277.76 | G103: =D103*F103*(1+E6) -> 1308.894
A105: 18 | C105: Vidros e espelhos | G105: =G106 -> 3432.0336
A106: 18.1 | B106: ED-15823 | C106: VIDRO COMUM TRANSPARENTE INCOLOR, ESP. 4MM, INCLUSIVE FORNECIMENTO, EXCLUSIVE CAIXILHO/PERFIL, VEDAÇÃO COM GUARNIÇÃO/GAXETA OU APLICAÇÃO DE MASSA DE VIDRACEIRO | D106: =D71 -> 15 | E106: uni. | F106: 179.65 | G106: =D106*F106*(1+E6) -> 3432.0336
A108: 19 | C108: Instalações Elétricas | G108: =G109+G110+G111+G112 -> 17900.13
A109: 19.1 | B109: ED-50227 | C109: PONTO DE EMBUTIR PARA UM (1) INTERRUPTOR SIMPLES (10A- 250V), COM PLACA 4"X2" DE UM (1) POSTO, COM ELETRODUTO FLEXÍVEL CORRUGADO, ANTI-CHAMA, DN 25MM (3/4"), EMBUTIDO NA ALVENARIA E CABO DE COBRE FLEXÍVEL, CLASSE 5, ISOLAMENTO TIPO LSHF/ATOX, NÃO HALOGENADO, SEÇÃO 1, 5MM2 (70°C-450/750V), COM DISTÂNCIA DE ATÉ DEZ (10) METROS DO PONTO DE DERIVAÇÃO, INCLUSIVE CAIXA DE LIGAÇÃO, SUPORTE E FIXAÇÃO DO ELETRODUTO COM ENCHIMENTO DO RASGO NA ALVENARIA/CONCRETO COM ARGAMASSA | D109: ='Memória de cálculo'!D80+1 -> 16 | E109: uni. | F109: 236.04 | G109: =D109*F109*(1+E6) -> 4809.9287
A110: 19.2 | B110: ED-50232 | C110: PONTO DE EMBUTIR PARA UMA (1) TOMADA PADRÃO, TRÊS (3)POLOS (2P+T/10A-250V), COM PLACA 4"X2" DE UM (1) POSTO, COMELETRODUTO FLEXÍVEL CORRUGADO, ANTI-CHAMA, DN 25MM (3/4"), EMBUTIDO NA ALVENARIA E CABO DE COBRE FLEXÍVEL,CLASSE 5, ISOLAMENTO TIPO LSHF/ATOX, NÃO HALOGENADO, SEÇÃO 2,5MM2 (70°C-450/750V), COM DISTÂNCIA DE ATÉ DEZ (10) METROS DO PONTO DE DERIVAÇÃO, INCLUSIVE CAIXA DE LIGAÇÃO, SUPORTE E FIXAÇÃO DO ELETRODUTO COM ENCHIMENTO DO RASGO NA ALVENARIA/CONCRETO COM ARGAMASSA | D110: ='Memória de cálculo'!D81+1 -> 26 | E110: uni. | F110: 278.28 | G110: =D110*F110*(1+E6) -> 9214.8526
A111: 19.3 | B111: ED-14179 | C111: QUADRO DE DISTRIBUIÇÃO DE EMBUTIR EM PVC, PARA 8 DISJUNTORES DIN, INCLUSIVE BARRAMENTOS NEUTRO/TERRA, EXCLUSIVE BARRAMENTO DE FASE | D111: 1 | E111: uni. | F111: 105.91 | G111: =D111*F111*(1+E6) -> 134.88698
A112: 19.4 | B112: ED-13338 | C112: LUMINÁRIA COMERCIAL CHANFRADA DE SOBREPOR COMPLETA, PARA DUAS (2) LÂMPADAS TUBULARES LED 2X18W-ØT8, TEMPERATURA DA COR 6500K, FORNECIMENTO E INSTALAÇÃO, INCLUSIVE BASE E LÂMPADAS | D112: =D109+1 -> 17 | E112: uni. | F112: 172.76 | G112: =D112*F112*(1+E6) -> 3740.4613
A113: 20 | C113: Administração local | G113: =G114+G115+G116 -> 97554.576
A114: 20.1 | B114: 90776 | C114: ENCARREGADO GERAL COM ENCARGOS COMPLEMENTARES | D114: 500 | E114: h | F114: 54.09 | G114: =D114*F114*(1+E6) -> 34444.512
A115: 20.2 | B115: 90778 | C115: ENGENHEIRO CIVIL DE OBRA PLENO COM ENCARGOS COMPLEMENTARES | D115: 250 | E115: h | F115: 121.61 | G115: =D115*F115*(1+E6) -> 38720.624
A116: 20.3 | B116: 100309 | C116: TÉCNICO EM SEGURANÇA DO TRABALHO COM ENCARGOS COMPLEMENTARES | D116: 500 | E116: h | F116: 38.3 | G116: =D116*F116*(1+E6) -> 24389.44
A118: 21 | C118: Limpeza Geral | G118: =G119 -> 936.02468
A119: 21.1 | B119: ED-50266 | C119: LIMPEZA FINAL PARA ENTREGA DA OBRA | D119: ='Memória de cálculo'!D86 -> 95.2 | E119: m² | F119: 7.72 | G119: =D119*F119*(1+E6) -> 936.02468
A121: TOTAL GERAL | G121: =G8+G16+G19+G23+G34+G39+G44+G48+G52+G57+G63+G66+G69+G73+G79+G85+G101+G105+G108+G113+G118 -> 679552.57

Sheet Memória de cálculo
A1: MEMÓRIA DE CÁLCULO DE QUANTITATIVOS
A3: ITEM | B3: DESCRIÇÃO | C3: FÓRMULAS | D3: TOTAL
B4: Serviços Preliminares
B5: LIMPEZA DO TERRENO, CAPINA E QUEIMA | E5: m²
B6: FORNECIMENTO E COLOCAÇÃO DE PLACA DE OBRA EM CHAPA GALVANIZADA (3,00 X 1,50 M) - GOVERNO DO ESTADO | C6: 1 por obra | D6: =3*1.5 -> 4.5 | E6: m²
B7: TAPUME | C7: fechamento da obra | D7: =17+17+6 -> 40 | E7: m²
B8: Locação da obra
B9: LOCAÇÃO DA OBRA (GABARITO) | D9: =4.65*17.8 -> 82.77 | E9: m²
B10: Terraplanagem/ Trabalhos em terra
B11: ESCAVAÇÃO MANUAL DE VALAS H <= 1,5M | C11: Valas do baldrame, sapatas e enchimento | D11: =(((15.55*2)+(3.65*6))*0.4*0.2)+(0.7*0.55*4)+(0.75*0.9*6)+(0.85*0.7*2) -> 11.02 | E11: m³
B12: APILOAMENTO DO FUNDO DE VALAS COM SOQUETE | C12: Valas do baldrame, sapatas e enchimento da rampa de acesso | D12: =((10.5+10.5+7.75+4.15+4.1+2.45+2.45+4.15+4.15+4.15+4.15+5.2+26.2+5.2+26.2)*0.2)+(30*0.95*0.8)+(38*0.8) -> 77.46 | E12: m²
B13: Fundação
B14: FORMA E DESFORMA EM MADEIRA DE LEI | C14: Da relação de materiais vinda do Eberickdo projeto | D14: =140.9+21.6+53.1+24.5+21.5 -> 261.6 | E14: m²
B15: CONCRETO ESTRUTURAL USINADO FCK >=20,0 MPA, BRITA 1 | C15: Da relação de materiais vinda do Eberickdo projeto | D15: =11.8+1.1+5.3+5.3+2.1 -> 25.6 | E15: m³
B16: CORTE, DOBRA E ARMAÇÃO DE AÇO CA-50/60 | C16: Da relação de materiais vinda do Eberickdo projeto | D16: =617.6+188.8+292.2+179.4+123.6 -> 1401.6 | E16: kg
B17: Estrutura de Concreto
B18: FORMA E DESFORMA DE COMPENSADO RESINADO ESPESSURA 12MM, EXCLUSIVE ESCORAMENTO (3X) | C18: Da relação de materiais vinda do Eberickdo projeto | D18: =7.7+7.2+44.3+37.8+22.2+12.4 -> 131.6 | E18: m²
B19: CONCRETO ESTRUTURAL USINADO FCK >=18,0 MPA, BRITA 1 | C19: Da relação de materiais vinda do Eberickdo projeto | D19: =0.5+0.4+4.1+1.9+1.3+(4.2*3.4) -> 22.48 | E19: m³
B20: CORTE, DOBRA E ARMAÇÃO DE AÇO CA-50/60 | C20: Da relação de materiais vinda do Eberickdo projeto | D20: =237.9+169.5+212.3+116.6 -> 736.3 | E20: kg
B21: Laje
B22: ESCORAMENTO TUBULAR CONVENCIONAL TIPO "A" (H=2,11 À 3,20 M) C/ ACESSÓRIOS PARA LAJES E VIGAS MACIÇAS, EXCLUSIVE TRANSPORTE E MONTAGEM (ALUGUEL MENSAL) | C22: 6+6+6+6+6+2,82+28,88+28,88+26,66+26,66+6+14,97 | D22: =6+6+6+6+6+2.82+28.88+28.88+26.66+26.66+6+14.97+(4*3.1) -> 177.27 | E22: m³/mês
B23: Coberturas
B24: ENGRADAMENTO PARA TELHADO DE FIBROCIMENTO ONDULADA | C24: 130,3+59,6 | D24: =130.3+59.6+(3.1*4) -> 202.3 | E24: m²
B25: COBERTURA EM TELHA DE FIBROCIMENTO ONDULADA E= 8 MM | C25: 21.4 | D25: =21.4+(3.1*4) -> 33.8 | E25: m²
B26: Águas Pluviais
B27: CALHA DE CHAPA GALVANIZADA Nº. 22 GSG, DESENV.=50 CM | C27: 0,9+5,2+11,7+9,25+7,75+4,2+2,1+2,1+12,7+4,85 | D27: =0.9+5.2+11.7+9.25+7.75+4.2+2.1+2.1+12.7+4.85+3.1 -> 63.85 | E27: m
B28: RUFO E CONTRA-RUFO DE CHAPA GALVANIZADA Nº24, DESENV.=25CM | C28: 2,75+2,75+2,45+2,45+7,65+7,65+0,75+0,75 | D28: =2.75+2.75+2.45+2.45+7.65+7.65+0.75+0.75+3.1+8 -> 38.3 | E28: m
B29: CONDUTOR DE AP DO TELHADO EM TUBO PVC ESGOTO P, INCLUSIVE CONEXÕES E SUPORTES, 100 MM | C29: 9 x 3,50m | D29: =9*3.5+3 -> 34.5 | E29: m
B30: Pisos
B31: LAJE DE TRANSIÇÃO E= 8CM, SEM JUNTA, FCK=10MPA (MANUAL) | C31: 26,66+6+6+6+26,66+2,8 | D31: =26.66+6+6+6+26.66+2.8+14.28 -> 88.4 | E31: m²
B32: CONTRAPISO DESEMPENADO, C/ARGAMASSA 1:3, SEM JUNTA E= 2,0 CM | C32: 26,66+6+6+6+26,66+2,8+6+6+28,88+28,88 | D32: =D31+6+6+28.88+28.88+14.28 -> 172.44 | E32: m²
B33: CONTRAPISO DESEMPENADO, C/ARGAMASSA 1:3, SEM JUNTA E= 2,5CM | C33: =C32 -> 26,66+6+6+6+26,66+2,8+6+6+28,88+28,88 | D33: =D32 -> 172.44 | E33: m²
B34: PISO CERÂMICO PEI-5 ANTIDERRAPANTE (PREÇO MÉDIO), ASSENTADO COM ARGAMASSA PRÉ-FABRICADA, INCLUSIVE REJUNTAMENTO | C34: =C33 -> 26,66+6+6+6+26,66+2,8+6+6+28,88+28,88 | D34: =D32 -> 172.44 | E34: m²
B35: SOLEIRA DE granito, E = 2 CM | C35: 0,15*0,9*4=0,54 | D35: =0.15*0.9*12 -> 1.62 | E35: m²
B36: Alvenaria e divisões
B37: ALVENARIA DE TIJOLO CERÂMICO FURADO E= 15 CM, A REVESTIR | C37: PAREDES INTERNAS + PAREDES EXTERNAS + PLATIBANDA E OITÃO | D37: =((2.45+2.45+7.6+2.45+2.45+2.45+2.45+4.1+2.45+1.15)+(31.4+31.4+1.5+10.5+7.75+1.5+1.5+4.1))*3+(2.75+2.75+7.75+7.75)*1.15+(5.9+12.85)+(11.4*3) -> 436.05 | E37: m²
B38: Cintamentos, vergas e contra vergas
B39: VERGAS RETAS CONCRETO ARMADO FCK= 15 MPA | C39: ((4,00*2*2)+(1,30*4)+(1*2))*0,10*0,15 | D39: =((2*2.2*2)+(2*5.8*2)+(4*2.4*2)+(2*4.2*2)+(2*1*2)+(1*1.8*2)+(10*1.2)+(1*1.1))*0.15*0.1+(2*2.2)+1.1 -> 6.8305 | E39: m³
B41: Esquadrias
C42: 04 unidades no I.S. masculino e 05 unidades no I.S. feminino (0,55x1,6)x8= | E42: m²
B43: PORTA DE ABRIR, MADEIRA DE LEI PRANCHETA PARA PINTURA COMPLETA 80 X 210 CM,COM FERRAGENS EM FERRO LATONADO | C43: CONFORME QUADRA DE ESQUADRIAS NO PROJETO ARQUITETÔNICO | D43: 12 | E43: m²
B45: FORNECIMENTO E ASSENTAMENTO DE JANELA BASCULANTE DE FERRO | C45: CONFORME QUADRA DE ESQUADRIAS NO PROJETO ARQUITETÔNICO | D45: =(2*1.8*0.6)+(2*5.4*0.6)+(4*2*0.6)+(2*0.6*0.6)+(1*1.4*0.6) -> 15 | E45: m²
B46: Revestimentos
B47: CHAPISCO COM ARGAMASSA 1:3 CIM AREIA, A COLHER | C47: paredes internas+paredes externas+laje de forro e platibanda | D47: ='Memória Auxiliar'!D32+'Memória Auxiliar'!H32+'Memória Auxiliar'!K32 -> 1073.3075 | E47: m²
B48: EMBOÇO C/ ARGAMASSA 1:6 CIM./AREIA | C48: h=1,80m das paredes internas | D48: =D47-D49 -> 196.7 | E48: m²
B49: REBOCO C/ ARGAMASSA 1:7 CIM./AREIA | C49: paredes externas+1,70m das paredes internas e platibandas | D49: ='Memória Auxiliar'!D34+'Memória Auxiliar'!H34+'Memória Auxiliar'!K34 -> 876.6075 | E49: m²
B50: REVESTIMENTO COM AZULEJO BRANCO 15 X 15 CM, JUNTA A PRUMO, ASSENTADO COM ARGAMASSA PRÉ-FABRICADA, INCLUSIVE REJUNTAMENTO | C50: Área emboçada | D50: =D48 -> 196.7 | E50: m²
B51: Pintura
B52: PINTURA LÁTEX PVA, 2 DEMÃOS SEM MASSA CORRIDA | C52: Àrea rebocada | D52: =D49 -> 876.6075 | E52: m²
B53: PINTURA ÓLEO/ESMALTE, 2 DEMÃOS EM ESQUADRIAS DE FERRO | C53: Áreas de janelas | D53: =D45 -> 15 | E53: m²
B54: PINTURA ÓLEO/ESMALTE, 2 DEMÃOS EM ESQUADRIA MADEIRA SEM MASSA | C54: área das portas de madeira | D54: =((0.25*2*2.1)+(0.8*2*2.1)+(1))*11 -> 59.51 | E54: m²
B55: Instalações Hidro-sanitárias
B56: PONTO DE ESGOTO COM TUBO DE PVC RÍGIDO SOLDÁVEL DE 40 MM (LAVATORIOS, MICTÓRIOS, RALOS SIFONADOS, ETC.) | C56: 05 lavatórios, e 5 ralos | D56: =5+5 -> 10 | E56: uni.
B57: PONTO DE ESGOTO COM TUBO DE PVC RÍGIDO SOLDÁVEL DE 100 MM (VASO SANITÁRIO) | C57: 09 vasos sanitários | D57: 9 | E57: uni.
B58: PONTO DE ÁGUA FRIA EMBUTIDO, C/ MATERIAL PVC RÍGIDO SOLDÁVEL | C58: 05 lavatórios, 09 vasos, 04 chuveiros | D58: =5+9+4 -> 18 | E58: uni.
B59: CAIXA D'ÁGUA DE POLIETILENO C/ TAMPA 1000L | C59: 2 | D59: 2 | E59: uni.
B60: TORNEIRA PARA LAVATÓRIO CROMADA 1194 | C60: 05 lavatórios | D60: 5 | E60: uni.
E61: uni.
B62: CHUVEIRO-ELÉTRICO CROMADO 1/2" | C62: 04 chuveiros | D62: 4 | E62: uni.
B63: CUBA DE LOUÇA BRANCA DE EMBUTIR, OVAL, INCLUSIVE VÁLVULA, SIFÃO E LIGAÇÕES CROMADAS | C63: 05 lavatórios | D63: 5 | E63: uni.
B65: VASO SANITÁRIO LOUÇA BRANCA COM CAIXA ACOPLADA | C65: 9 vasos | D65: 9 | E65: uni.
E66: uni.
B67: ASSENTO BRANCO PARA VASO | C67: =C65 -> 9 vasos | D67: =D65 -> 9 | E67: uni.
B70: PAPELEIRA DE LOUÇA BRANCA | C70: 05 sanitários | D70: 5 | E70: uni.
B71: SABONETEIRA LOUÇA BRANCA | C71: 5 lavatórios e 4 chuveiros | D71: =5+4 -> 9 | E71: uni.
B72: Divisórias e bancadas
B73: DIVISÓRIA EM ARDÓSIA E=3CM, INCLUSIVE FERRAGENS EM LATÃO CROMADO | C73: Sanitários | D73: =8*1.2*2 -> 19.2 | E73: m²
B74: BANCADA EM ARDÓSIA ESP. = 3 CM, L = 55 CM, APOIADA EM CONSOLE DE METALON | C74: Sanitários | D74: =4*0.55 -> 2.2 | E74: m²
B75: Vidros e espelhos
B76: VIDRO COMUM LISO INCOLOR, E= 4MM, COLOCADA | C76: àrea de janelas | D76: =D45 -> 15 | E76: m²
B79: Instalações Elétricas
B80: PONTO DE LUZ EMBUTIDO, POR UNIDADE | C80: (1 x 5) sanitários + (2 x 4) salas de aula + 1 almoxarifado + 1 atendimento | D80: =5+8+2 -> 15 | E80: uni.
B81: TOMADA DE EMBUTIR | C81: (1 x 5) sanitários + (4 x 4) salas de aula + 2 almoxarifado + 2 atendimento | D81: =16+5+2+2 -> 25 | E81: uni.
B82: LUMINÁRIA CHANFRADA PARA LÂMPADA FLUORESCENTE 2X32W OU 2X40W | C82: 1 por ponto de luz | D82: =D80 -> 15 | E82: uni.
B83: REATOR DUPLO, A.F.P PARTIDA RÁPIDA 2X32W-127V | C83: 1 por ponto de luz | D83: =D82 -> 15 | E83: uni.
B84: LÂMPADA FLUORESCENTE TLDRS 32/ 84-32W-G13 | C84: 1 por ponto de luz | D84: =D83 -> 15 | E84: uni.
B85: Limpeza Geral
B86: LIMPEZA GERAL DE OBRA | C86: Área interna ao tapume | D86: 95.2 | E86: m²

Sheet Memória Auxiliar
A4: ambiente | C4: parede 01 | E4: parede 02 | G4: pé direito | I4: perímetro | K4: área de parede | M4: área de piso/LAJE | O4: chapisco | Q4: emboço | S4: reboco | U4: azulejo | W4: forro
A5: wc 01 | C5: 2.45 | E5: 2.45 | G5: 3.5 | I5: =(C5+E5)*2 -> 9.8 | K5: =(C5+E5)*2*G5 -> 34.3 | M5: =C5*E5 -> 6.0025 | O5: =I5*G5 -> 34.3 | Q5: =U5 -> 34.3 | S5: =O5-Q5 -> 0 | U5: =I5*3.5 -> 34.3 | W5: =M5 -> 6.0025
A6: wc2 | C6: 2.45 | E6: 2.45 | G6: 3.5 | I6: =(C6+E6)*2 -> 9.8 | K6: =(C6+E6)*2*G6 -> 34.3 | M6: =C6*E6 -> 6.0025 | O6: =I6*G6 -> 34.3 | Q6: =U6 -> 34.3 | S6: =O6-Q6 -> 0 | U6: =I6*3.5 -> 34.3 | W6: =M6 -> 6.0025
A7: wc3 | C7: 2.45 | E7: 2.45 | G7: 3.5 | I7: =(C7+E7)*2 -> 9.8 | K7: =(C7+E7)*2*G7 -> 34.3 | M7: =C7*E7 -> 6.0025 | O7: =I7*G7 -> 34.3 | Q7: =U7 -> 34.3 | S7: =O7-Q7 -> 0 | U7: =I7*3.5 -> 34.3 | W7: =M7 -> 6.0025
A8: wc4 | C8: 2.45 | E8: 2.45 | G8: 3.5 | I8: =(C8+E8)*2 -> 9.8 | K8: =(C8+E8)*2*G8 -> 34.3 | M8: =C8*E8 -> 6.0025 | O8: =I8*G8 -> 34.3 | Q8: =U8 -> 34.3 | S8: =O8-Q8 -> 0 | U8: =I8*3.5 -> 34.3 | W8: =M8 -> 6.0025
A9: wc4 | C9: 2.45 | E9: 2.45 | G9: 3.5 | I9: =(C9+E9)*2 -> 9.8 | K9: =(C9+E9)*2*G9 -> 34.3 | M9: =C9*E9 -> 6.0025 | O9: =I9*G9 -> 34.3 | Q9: =U9 -> 34.3 | S9: =O9-Q9 -> 0 | U9: =I9*3.5 -> 34.3 | W9: =M9 -> 6.0025
A10: wc6 | C10: 2.45 | E10: 1.15 | G10: 3.5 | I10: =(C10+E10)*2 -> 7.2 | K10: =(C10+E10)*2*G10 -> 25.2 | M10: =C10*E10 -> 2.8175 | O10: =I10*G10 -> 25.2 | Q10: =U10 -> 25.2 | S10: =O10-Q10 -> 0 | U10: =I10*3.5 -> 25.2 | W10: =M10 -> 2.8175
A11: SALA 01 | C11: 3.8 | E11: 7.6 | G11: 3.5 | I11: =(C11+E11)*2 -> 22.8 | K11: =(C11+E11)*2*G11 -> 79.8 | M11: =C11*E11 -> 28.88 | O11: =I11*G11 -> 79.8 | Q11: =U11 -> 0 | S11: =O11 -> 79.8 | W11: =M11 -> 28.88
A12: SALA 02 | C12: 3.8 | E12: 7.6 | G12: 3.5 | I12: =(C12+E12)*2 -> 22.8 | K12: =(C12+E12)*2*G12 -> 79.8 | M12: =C12*E12 -> 28.88 | O12: =I12*G12 -> 79.8 | Q12: =U12 -> 0 | S12: =O12 -> 79.8 | W12: =M12 -> 28.88
A13: SALA 03 | C13: 3.95 | E13: 6.75 | G13: 3.5 | I13: =(C13+E13)*2 -> 21.4 | K13: =(C13+E13)*2*G13 -> 74.9 | M13: =C13*E13 -> 26.6625 | O13: =I13*G13 -> 74.9 | Q13: =U13 -> 0 | S13: =O13 -> 74.9 | W13: =M13 -> 26.6625
A14: SALA 04 | C14: 3.95 | E14: 6.75 | G14: 3.5 | I14: =(C14+E14)*2 -> 21.4 | K14: =(C14+E14)*2*G14 -> 74.9 | M14: =C14*E14 -> 26.6625 | O14: =I14*G14 -> 74.9 | Q14: =U14 -> 0 | S14: =O14 -> 74.9 | W14: =M14 -> 26.6625
A15: ALMOXARIFADO | C15: 2.45 | E15: 2.45 | G15: 3.5 | I15: =(C15+E15)*2 -> 9.8 | K15: =(C15+E15)*2*G15 -> 34.3 | M15: =C15*E15 -> 6.0025 | O15: =I15*G15 -> 34.3 | Q15: =U15 -> 0 | S15: =O15 -> 34.3 | W15: =M15 -> 6.0025
A16: ATENDIMENTO | C16: 3.65 | E16: 4.1 | G16: 3.5 | I16: =(C16+E16)*2 -> 15.5 | K16: =(C16+E16)*2*G16 -> 54.25 | M16: =C16*E16 -> 14.965 | O16: =I16*G16 -> 54.25 | Q16: =U16 -> 0 | S16: =O16 -> 54.25 | W16: =M16 -> 14.965
A17: TOTAL | C17: =SUM(C5:C16) -> 36.3 | E17: =SUM(E5:E16) -> 48.65 | I17: =SUM(I5:I16) -> 169.9 | M17: =SUM(M5:M16) -> 164.8825 | O17: =SUM(O5:O16) -> 594.65 | Q17: =SUM(Q5:Q16) -> 196.7 | S17: =SUM(S5:S16) -> 397.95 | U17: =SUM(U5:U16) -> 196.7 | W17: =M17 -> 164.8825
A19: parede ext | C19: =(5.2+26.2)*2+(10.5+1.5+7.75+1.5+1.5+4.1) -> 89.65 | G19: 3.5 | I19: =C19 -> 89.65 | K19: =C19*G19 -> 313.775 | O19: =K19 -> 313.775 | Q19: 0 | S19: =O19 -> 313.775
A21: laje
A22: laje superior | C22: 3.65 | E22: 16.8 | M22: =M5+M6+M7+M10 -> 20.825
A26: ALVENARIA
A28: laje = escoramento | D28: =M17 -> 164.8825
C31: ÁREA DE PAREDE INTERNA | G31: ÁREA DE PAREDE EXTERNA | K31: ÁREA DE FORRO | N31: TOTAL
A32: CHAPISCO | D32: =O17 -> 594.65 | H32: =O19 -> 313.775 | K32: =W17 -> 164.8825 | N32: =D32+H32+K32 -> 1073.3075
A34: REBOCO | D34: =S17 -> 397.95 | H34: =S19 -> 313.775 | K34: =W17 -> 164.8825 | N34: =D34+H34+K34 -> 876.6075
A36: AZULEJO | D36: =U17 -> 196.7 | H36: 0 | K36: 0 | N36: =D36+H36+K36 -> 196.7
A38: PISO | D38: =M17 -> 164.8825 | H38: 0 | K38: 0 | N38: =D38+H38+K38 -> 164.8825

Sheet CRONOGRAMA
A2: CRONOGRAMA FÍSICO-FINANCEIRO
A3: PREFEITURA: MUNICIPAL DE QUELUZITO | D3: VALOR DO CONVÊNIO: | F3: ='Planilha de quantitativos'!G121 -> 679552.57 | I3: DATA: 05/06/2025
A4: OBRA: MELHORIAS DAS INSTALAÇÕES DA E.M. PADRE CLAUDIOMOR TAVARES | D4: Rua Francisco Oswaldo Albuquerque, 277 - B. Leozina Albuquerque | I4: PRAZO DA OBRA: 04 meses
A5: ITEM | B5: CÓDIGO | C5: ETAPAS/DESCRIÇÃO | D5: FÍSICO/ FINANCEIRO | E5: TOTAL ETAPAS | F5: MÊS 1 | G5: MÊS 2 | H5: MÊS 3 | I5: MÊS 4 | J5: TOTAL
A6: 1 | C6: ='Planilha de quantitativos'!C8 -> Serviços Preliminares | D6: Físico % | E6: =E7/$E$51 -> 0.039157968 | F6: 1 | J6: =F6+G6+H6+I6 -> 1
D7: Financeiro | E7: ='Planilha de quantitativos'!G8 -> 26609.898 | F7: =F6*$E$7 -> 26609.898 | J7: =F7+G7+H7+I7 -> 26609.898
A8: 2 | C8: ='Planilha de quantitativos'!C16 -> Locação da obra | D8: Físico % | E8: =E9/$E$51 -> 0.010427573 | F8: 1 | J8: =F8+G8+H8+I8 -> 1
D9: Financeiro | E9: ='Planilha de quantitativos'!G16 -> 7086.0837 | F9: =F8*$E$9 -> 7086.0837 | J9: =F9+G9+H9+I9 -> 7086.0837
A10: 3 | C10: ='Planilha de quantitativos'!C19 -> Trabalhos em terra | D10: Físico % | E10: =E11/$E$51 -> 0.0085282871 | F10: 1 | J10: =F10+G10+H10+I10 -> 1
D11: Financeiro | E11: ='Planilha de quantitativos'!G19 -> 5795.4194 | F11: =F10*$E$11 -> 5795.4194 | J11: =F11+G11+H11+I11 -> 5795.4194
A12: 4 | C12: ='Planilha de quantitativos'!C23 -> Muro de arrimo - substituindo portão existe na rampa de acesso | D12: Físico % | E12: =E13/$E$51 -> 0.019207216 | F12: 1 | J12: =F12+G12+H12+I12 -> 1
D13: Financeiro | E13: ='Planilha de quantitativos'!G23 -> 13052.313 | F13: =F12*$E$13 -> 13052.313 | J13: =F13+G13+H13+I13 -> 13052.313
A14: 5 | C14: ='Planilha de quantitativos'!C34 -> Fundação | D14: Físico % | E14: =E15/$E$51 -> 0.11062026 | G14: 0.35 | H14: 0.65 | J14: =F14+G14+H14+I14 -> 1
D15: Financeiro | E15: ='Planilha de quantitativos'!G34 -> 75172.284 | G15: =G14*$E$15 -> 26310.299 | H15: =H14*$E$15 -> 48861.984 | J15: =F15+G15+H15+I15 -> 75172.284
A16: 6 | C16: ='Planilha de quantitativos'!C39 -> Estrutura de Concreto | D16: Físico % | E16: =E17/$E$51 -> 0.070148161 | G16: 0.2 | H16: 0.8 | J16: =F16+G16+H16+I16 -> 1
D17: Financeiro | E17: ='Planilha de quantitativos'!G39 -> 47669.363 | G17: =G16*$E$17 -> 9533.8726 | H17: =H16*$E$17 -> 38135.49 | J17: =F17+G17+H17+I17 -> 47669.363
A18: 7 | C18: ='Planilha de quantitativos'!C44 -> Laje | D18: Físico % | E18: =E19/$E$51 -> 0.045334754 | G18: 0 | H18: 1 | J18: =F18+G18+H18+I18 -> 1
D19: Financeiro | E19: ='Planilha de quantitativos'!G44 -> 30807.348 | G19: =G18*$E$19 -> 0 | H19: =H18*$E$19 -> 30807.348 | J19: =F19+G19+H19+I19 -> 30807.348
A20: 8 | C20: ='Planilha de quantitativos'!C48 -> Coberturas | D20: Físico % | E20: =E21/$E$51 -> 0.091256524 | G20: 0.2 | I20: 0.8 | J20: =F20+G20+H20+I20 -> 1
D21: Financeiro | E21: ='Planilha de quantitativos'!G48 -> 62013.605 | G21: =G20*$E$21 -> 12402.721 | I21: =I20*$E$21 -> 49610.884 | J21: =F21+G21+H21+I21 -> 62013.605
A22: 9 | C22: ='Planilha de quantitativos'!C52 -> Águas Pluviais | D22: Físico % | E22: =E23/$E$51 -> 0.012417312 | G22: 0.2 | H22: 0.5 | I22: 0.3 | J22: =F22+G22+H22+I22 -> 1
D23: Financeiro | E23: ='Planilha de quantitativos'!G52 -> 8438.2164 | G23: =G22*$E$23 -> 1687.6433 | H23: =H22*$E$23 -> 4219.1082 | I23: =I22*$E$23 -> 2531.4649 | J23: =F23+G23+H23+I23 -> 8438.2164
A24: 10 | C24: ='Planilha de quantitativos'!C57 -> Pisos | D24: Físico % | E24: =E25/$E$51 -> 0.059740201 | G24: 0.2 | H24: 0.7 | I24: 0.1 | J24: =F24+G24+H24+I24 -> 1
D25: Financeiro | E25: ='Planilha de quantitativos'!G57 -> 40596.607 | G25: =G24*$E$25 -> 8119.3214 | H25: =H24*$E$25 -> 28417.625 | I25: =I24*$E$25 -> 4059.6607 | J25: =F25+G25+H25+I25 -> 40596.607
A26: 11 | C26: ='Planilha de quantitativos'!C63 -> Alvenaria e divisões | D26: Físico % | E26: =E27/$E$51 -> 0.051910687 | G26: 0.5 | H26: 0.5 | J26: =F26+G26+H26+I26 -> 1
D27: Financeiro | E27: ='Planilha de quantitativos'!G63 -> 35276.04 | G27: =G26*$E$27 -> 17638.02 | H27: =H26*$E$27 -> 17638.02 | I27: =I26*$E$27 -> 0 | J27: =F27+G27+H27+I27 -> 35276.04
A28: 12 | C28: ='Planilha de quantitativos'!C66 -> Cintamentos e vergas | D28: Físico % | E28: =E29/$E$51 -> 0.040138742 | H28: 0.5 | I28: 0.5 | J28: =F28+G28+H28+I28 -> 1
D29: Financeiro | E29: ='Planilha de quantitativos'!G66 -> 27276.385 | G29: =G28*$E$29 -> 0 | H29: =H28*$E$29 -> 13638.192 | I29: =I28*$E$29 -> 13638.192 | J29: =F29+G29+H29+I29 -> 27276.385
A30: 13 | C30: ='Planilha de quantitativos'!C69 -> Esquadrias | D30: Físico % | E30: =E31/$E$51 -> 0.037074692 | H30: 0.25 | I30: 0.75 | J30: =F30+G30+H30+I30 -> 1
D31: Financeiro | E31: ='Planilha de quantitativos'!G69 -> 25194.202 | H31: =H30*$E$31 -> 6298.5506 | I31: =I30*$E$31 -> 18895.652 | J31: =F31+G31+H31+I31 -> 25194.202
A32: 14 | C32: ='Planilha de quantitativos'!C73 -> Revestimentos | D32: Físico % | E32: =E33/$E$51 -> 0.12810438 | H32: 0.5 | I32: 0.5 | J32: =F32+G32+H32+I32 -> 1
D33: Financeiro | E33: ='Planilha de quantitativos'!G73 -> 87053.663 | H33: =H32*$E$33 -> 43526.831 | I33: =I32*$E$33 -> 43526.831 | J33: =F33+G33+H33+I33 -> 87053.663
A34: 15 | C34: ='Planilha de quantitativos'!C79 -> Pintura | D34: Físico % | E34: =E35/$E$51 -> 0.040282411 | F34: 0.1 | G34: 0.3 | H34: 0.2 | I34: 0.4 | J34: =F34+G34+H34+I34 -> 1
D35: Financeiro | E35: ='Planilha de quantitativos'!G79 -> 27374.016 | F35: =F34*$E$35 -> 2737.4016 | G35: =G34*$E$35 -> 8212.2047 | H35: =H34*$E$35 -> 5474.8031 | I35: =I34*$E$35 -> 10949.606 | J35: =F35+G35+H35+I35 -> 27374.016
A36: 16 | C36: ='Planilha de quantitativos'!C85 -> Instalações Hidro-sanitárias | D36: Físico % | E36: =E37/$E$51 -> 0.041149747 | H36: 0.5 | I36: 0.5 | J36: =F36+G36+H36+I36 -> 1
D37: Financeiro | E37: ='Planilha de quantitativos'!G85 -> 27963.416 | H37: =H36*$E$37 -> 13981.708 | I37: =I36*$E$37 -> 13981.708 | J37: =F37+G37+H37+I37 -> 27963.416
A38: 17 | C38: ='Planilha de quantitativos'!C101 -> Divisórias e bancadas | D38: Físico % | E38: =E39/$E$51 -> 0.018175113 | H38: 0.3 | I38: 0.7 | J38: =F38+G38+H38+I38 -> 1
D39: Financeiro | E39: ='Planilha de quantitativos'!G101 -> 12350.945 | H39: =H38*$E$39 -> 3705.2835 | I39: =I38*$E$39 -> 8645.6614 | J39: =F39+G39+H39+I39 -> 12350.945
A40: 18 | C40: ='Planilha de quantitativos'!C105 -> Vidros e espelhos | D40: Físico % | E40: =E41/$E$51 -> 0.0050504314 | G40: 0.1 | H40: 0.25 | I40: 0.65 | J40: =F40+G40+H40+I40 -> 1
D41: Financeiro | E41: ='Planilha de quantitativos'!G105 -> 3432.0336 | G41: =G40*$E$41 -> 343.20336 | H41: =H40*$E$41 -> 858.0084 | I41: =I40*$E$41 -> 2230.8218 | J41: =F41+G41+H41+I41 -> 3432.0336
A42: 19 | C42: ='Planilha de quantitativos'!C108 -> Instalações Elétricas | D42: Físico % | E42: =E43/$E$51 -> 0.026341052 | G42: 0.1 | H42: 0.25 | I42: 0.65 | J42: =F42+G42+H42+I42 -> 1
D43: Financeiro | E43: ='Planilha de quantitativos'!G108 -> 17900.13 | G43: =G42*$E$43 -> 1790.013 | H43: =H42*$E$43 -> 4475.0324 | I43: =I42*$E$43 -> 11635.084 | J43: =F43+G43+H43+I43 -> 17900.13
A44: 20 | C44: ='Planilha de quantitativos'!C113 -> Administração local | D44: Físico % | E44: =E45/$E$51 -> 0.14355707 | G44: 0.1 | H44: 0.25 | I44: 0.65 | J44: =F44+G44+H44+I44 -> 1
D45: Financeiro | E45: ='Planilha de quantitativos'!G113 -> 97554.576 | G45: =G44*$E$45 -> 9755.4576 | H45: =H44*$E$45 -> 24388.644 | I45: =I44*$E$45 -> 63410.474 | J45: =F45+G45+H45+I45 -> 97554.576
A46: 21 | C46: Limpeza Geral | D46: Físico % | E46: =E47/$E$51 -> 0.0013774132 | I46: 1 | J46: =F46+G46+H46+I46 -> 1
D47: Financeiro | E47: ='Planilha de quantitativos'!G118 -> 936.02468 | I47: =I46*$E$47 -> 936.02468 | J47: =F47+G47+H47+I47 -> 936.02468
A50: TOTAL | D50: Físico % | E50: =E6+E8+E10+E12+E14+E16+E18+E20+E22+E24+E26+E28+E30+E32+E34+E36+E38+E40+E46 -> 0.83010188 | F50: =F51/$E$51 -> 0.081349284 | G50: =G51/$E$51 -> 0.14096445 | H50: =H51/$E$51 -> 0.41854986 | I50: =I51/$E$51 -> 0.35913641 | J50: =J51/$E$51 -> 1 | K50: =F50+G50+H50+I50 -> 1
D51: Financeiro | E51: =E7+E9+E11+E13+E15+E17+E19+E21+E23+E25+E27+E29+E31+E33+E35+E37+E39+E41+E43+E45+E47 -> 679552.57 | F51: =F7+F9+F11+F13+F15+F17+F19+F21+F23+F25+F27+F29+F31+F33+F35+F37+F39+F41+F47 -> 55281.115 | G51: =G7+G9+G11+G13+G15+G17+G19+G21+G23+G25+G27+G29+G31+G33+G35+G37+G39+G41+G47+G43+G45 -> 95792.756 | H51: =H7+H9+H11+H13+H15+H17+H19+H21+H23+H25+H27+H29+H31+H33+H35+H37+H39+H41+H47+H43+H45 -> 284426.63 | I51: =I7+I9+I11+I13+I15+I17+I19+I21+I23+I25+I27+I29+I31+I33+I35+I37+I39+I41+I47+I43+I45 -> 244052.07 | J51: =J7+J9+J11+J13+J15+J17+J19+J21+J23+J25+J27+J29+J31+J33+J35+J37+J39+J41+J47+J43+J45 -> 679552.57 | K51: =F51+G51+H51+I51 -> 679552.57
H54: Observações:
B55: Carimbo e assinatura do engenheiro responsável técnico pela elaboração do cronograma | E55: CREA
B58: Carimbo e assinatura do prefeito
